 Dungeon Crawl Stone Soup version 0.24-a0-809-g71cb82dfb8 (webtiles) character file.

Game seed: 8000443699749492733, levelgen mode: deterministic

85 FollowTheCloud the Caller (level 4, -5/34 HPs)
             Began as a Merfolk Summoner on Oct 11, 2019.
             Slain by an orc
             ... wielding a +0 hand axe
              (6 damage)
             ... on level 3 of the Dungeon on Apr 1, 2020.
             The game lasted 00:07:58 (4006 turns).

FollowTheCloud the Caller (Merfolk Summoner)        Turns: 4006, Time: 00:07:59

Health: -5/34      AC:  2    Str:  8    XL:     4   Next: 48%
Magic:  5/7        EV: 14    Int: 15    God:
Gold:   104        SH:  0    Dex: 14    Spells: 1/7 levels left

rFire    . . .     SeeInvis .   e - +0 dagger
rCold    . . .     Gourm    .   (no shield)
rNeg     . . .     Faith    .   a - +0 robe
rPois    .         Spirit   .   (no helmet)
rElec    .         Reflect  .   (no cloak)
rCorr    .         Harm     .   (no gloves)
MR       .....                  (no boots)
Stlth    ++........             (no amulet)
HPRegen  0.11/turn              (no ring)
MPRegen  0.10/turn              (no ring)

@: lightly drained
A: change form in water, swift swim, stealthy swim
a: no special abilities


You were on level 3 of the Dungeon.
You were near starving.

You visited 1 branch of the dungeon, and saw 3 of its levels.

You collected 104 gold pieces.

Inventory:

Hand Weapons
 e - a +0 dagger (weapon)
Armour
 a - a +0 robe (worn)
Jewellery
 k - an uncursed ring of ice {unknown}
 m - an uncursed ring of stealth {unknown}
 s - an uncursed ring of protection from magic {unknown}
Scrolls
 d - 2 scrolls of blinking {unknown}
 f - 4 scrolls of teleportation {unknown}
 i - a scroll of fear {unknown}
 j - a scroll of random uselessness {unknown}
 l - 4 scrolls of identify {unknown}
 n - 2 scrolls of magic mapping {unknown}
 p - a scroll of immolation {unknown}
 r - a scroll of enchant armour {unknown}
 t - a scroll of amnesia {unknown}
Potions
 b - 2 potions of haste {unknown}
 g - a potion of might {unknown}
 h - 2 potions of curing {unknown}
 o - a potion of berserk rage {unknown}
 q - a potion of lignification {unknown}
 u - a potion of heal wounds {unknown}
Comestibles
 c - 5 rations


   Skills:
 + Level 2.3(1.9) Fighting
 + Level 4.1(3.6) Dodging
 - Level 2.1(1.8) Stealth
 - Level 2.0(1.6) Spellcasting
 + Level 4.6(4.2) Summonings


You had one spell level left.
You knew the following spells:

 Your Spells              Type           Power        Failure   Level  Hunger
a - Summon Small Mammal   Summ           ##..         4%          1    ##.....
b - Call Imp              Summ           ##......     6%          2    ###....
c - Call Canine Familiar  Summ           ##......     12%         3    ####...

Your spell library contained the following spells:

 Spells                   Type           Power        Failure   Level  Hunger
 Summon Guardian Golem    Hex/Summ       #.......     28%         3    ####...
 Summon Ice Beast         Ice/Summ       #.......     67%         4    #####..
 Summon Lightning Spire   Summ/Air       #.......     67%         4    #####..


Dungeon Overview and Level Annotations

Branches:
Dungeon (3/15)

Altars:
Gozag


Message History

The orc hits your rat with a +0 hand axe.
Your rat dies!
Your rat's corpse disappears in a puff of smoke!
You closely miss the orc.
The orc is severely wounded.
The orc hits you with a +3 flail!
* * * LOW HITPOINT WARNING * * *
Unknown command.
Unknown command.
Welcome back, FollowTheCloud the Merfolk Summoner.
Press ? for a list of commands and other information.
The orc closely misses you.
You are near starving!
You hit the orc but do no damage.
The orc is severely wounded.
The orc hits you but does no damage.
You hit the orc but do no damage.
The orc is severely wounded.
The orc hits you with a +0 hand axe.
You die...

##### ..
##...##
###.
##.###.##
... ##.##
##.##
####.###.##
##.###
#........#
#...#
.........##
##o..#
.##......#
#@oo.#
#....##.#
#.##.##
#.#.##
#...# #.#
#.#.# ###
#o# . #.#
##.## #
##'##
##...#
##...##
#..#.#
##.....##
#....#
##.......##
#.)###


You could see 3 orcs.

Vanquished Creatures
  A leopard gecko (D:3)
  An orc (D:3)
  2 bats
  2 hobgoblins (D:1)
  A jackal (D:2)
  5 kobolds
  4 frilled lizards (D:1)
  3 goblins (D:1)
  2 rats (D:2)
21 creatures vanquished.

Vanquished Creatures (collateral kills)
  An orc wizard (D:3)
  3 adders (D:2)
  An ooze (D:1)
  A worm (D:2)
  2 dart slugs (D:1)
  A bat (D:1)
  2 giant cockroaches (D:1)
  2 goblins (D:1)
  3 hobgoblins
  6 jackals (D:2)
  7 kobolds (D:1)
  A frilled lizard (D:1)
30 creatures vanquished.

Grand Total: 51 creatures vanquished

Notes
Turn   | Place    | Note
-------+----------+-------------------------------------------
     0 | D:1      | FollowTheCloud the Merfolk Summoner began the quest for the
                  | Orb.
     0 | D:1      | Reached XP level 1. HP: 13/13 MP: 3/3
   423 | D:1      | Reached XP level 2. HP: 14/20 MP: 1/5
   682 | D:1      | Reached skill level 1 in Fighting
  1493 | D:1      | Reached XP level 3. HP: 10/26 MP: 3/6
  2340 | D:1      | Learned a level 2 spell: Call Imp
  2344 | D:1      | Learned a level 3 spell: Call Canine Familiar
  3385 | D:2      | Reached XP level 4. HP: 22/33 MP: 2/7
  3875 | D:2      | Found an opulent altar of Gozag.
  4001 | D:3      | HP: 1/34 [orc/+3 flail (8)]
  4006 | D:3      | Slain by an orc

Levels and vault maps discovered:
D:1:      dpeg_arrival_tiny_f, layout_basic, serial_forest,
          infiniplex_forest_lined_corner, infiniplex_forest_straight_4,
          infiniplex_forest_lined_2, infiniplex_forest_lined_corner,
          infiniplex_forest_clump_small, columned_hall_lemuel, st_stairs_12,
          hangedman_abyss_or_decor_lesser_grid, minmay_vboxes
D:2:      layout_basic, lemuel_coloured_pillars_altar, first_ration,
          kennysheep_generic_room_4
D:3:      layout_loops_corners, nicolae_overflow_crystal_walls,
          chequers_serial_rivers_small_3, trog_eyes_of_draining

Skill      XL: |  1  2  3  4 |
---------------+-------------+-----
Dodging        | 3 4 |  4.1
Fighting       | 1 2 |  2.3
Stealth        | |  2.1
Spellcasting   | |  2.0
Summonings     | |  4.6

Action                   |  1- 3 |  4- 6 || total
-------------------------+-------+-------++-------
Melee: Unarmed           |    16 |       ||    16
       Dagger            |   135 |    24 ||   159
 Cast: Summon Small Mamm |    45 |     5 ||    50
       Call Imp          |     4 |       ||     4
       Call Canine Famil |     3 |       ||     3
 Stab: Distracted        |     1 |       ||     1
       Sleeping          |     2 |     1 ||     3
  Eat: Chunk             |     6 |     1 ||     7
       Ration            |     1 |       ||     1
Armor: Robe              |    27 |     8 ||    35
Dodge: Dodged            |   153 |    26 ||   179

Table legend:
 A = Non-vault XP
 B = Vault XP
 C = Vault XP percentage of total XP
 D = Non-vault monster count
 E = Vault monster count
 F = Vault count percentage of total count
                 A         B        C        D         E       F
            +---------+---------+-------+---------+---------+-------
      Total |     105 |      17 |  13.9 |      44 |       7 |  13.7
            +---------+---------+-------+---------+---------+-------
        D:1 |      39 |       7 |  15.2 |      27 |       5 |  15.6
        D:2 |      28 |      10 |  26.3 |      13 |       2 |  13.3
        D:3 |      38 |       0 |   0.0 |       4 |       0 |   0.0
            +---------+---------+-------+---------+---------+-------
